 Dungeon Sprint DCSS version 0.28.0-43-g3370ac3207 (webtiles) character file.

Game seed: 14312509970202794255

29 cbfl8 the Cleaver (level 6, -2/68 HPs)
             Began as a Minotaur Berserker on Mar 1, 2022.
             Was a Priest of Trog.
             Succumbed to a water moccasin's poison
             ... in the Dungeon (Sprint VI: "Thunderdome").
             The game lasted 00:01:51 (436 turns).

cbfl8 the Cleaver (Minotaur Berserker)               Turns: 436, Time: 00:01:52

Health: -2/68      AC: 10    Str: 24    XL:     6   Next: 69%
Magic:  5/5        EV: 10    Int:  4    God:    Trog [***...]
Gold:   250        SH:  0    Dex:  9    Spells: 5/5 levels left

rFire   . . .      SeeInvis .   a - +0 hand axe
rCold   . . .      Faith    .   (no shield)
rNeg    . . .      Spirit   .   m - +0 chain mail
rPois   .          Reflect  .   (helmet restricted)
rElec   .          Harm     .   (no cloak)
rCorr   .          Rampage  .   (no gloves)
Will    ++...      NoTele   +   (no boots)
Stlth   ..........              (no amulet)
HPRegen 1.21/turn               (no ring)
MPRegen 0.09/turn               (no ring)

@: lethally poisoned (-2 -> -14), strong-willed, regenerating
A: horns 2, retaliatory headbutt
a: Renounce Religion, Berserk, Trog's Hand


You were in the Dungeon.
You worshipped Trog.
Trog was most pleased with you.
You visited 1 branch You collected 250 gold pieces.

Inventory:

Hand Weapons
 a - a +0 hand axe (weapon)
Armour
 b - a +0 animal skin
 m - a +0 chain mail (worn)
Wands
 j - a wand of acid (5)
 k - a wand of iceblast (5)
Scrolls
 h - 4 scrolls of blinking
 l - 3 scrolls of fog
Potions
 c - a potion of curing
 d - a potion of mutation {unknown}
 e - 4 potions of haste
 f - 2 potions of magic
 g - a potion of berserk rage
 i - a potion of resistance


   Skills:
 + Level 11.1 Fighting
 + Level 11.1 Axes
 + Level 6.4 Armour
 + Level 6.2 Dodging
 + Level 0.1 Stealth


You had 5 spell levels left.
You didn't know any spells.
Your spell library was empty.

Dungeon Overview and Level Annotations

Branches:
Dungeon (1/1)

Altars:
Cheibriados
Dithmenos
Fedhas
Gozag
Kikubaaqudgha
Okawaru
Qazlal
Ru
Sif Muna
Trog
Uskayaw
Vehumet
Wu Jian
Xom
Yredelemnul
The Shining One
Lugonu

Shops:
D ?*?*:[((!!!!


Innate Abilities, Weirdness & Mutations

You have a pair of horns on your head.
You reflexively headbutt those who attack you in melee.


Message History

The water moccasin hisses angrily.
Things that are here:
a curare-tipped dart; a +0 club; a kobold corpse
Things that are here:
a +0 dagger; 4 poisoned darts; a kobold corpse
Things that are here:
5 stones; a +0 short sword The water moccasin bites you but does no damage.
Things that are here:
5 stones; a +0 short sword You closely miss the water moccasin.
The water moccasin bites you.
You barely miss the water moccasin.
The water moccasin bites you but does no damage. x2
You hit the water moccasin. You headbutt the water moccasin.
The water moccasin is heavily wounded.
The water moccasin bites you.
You hit the water moccasin but do no damage.
You headbutt the water moccasin!
The water moccasin is severely wounded.
The water moccasin bites you!
You are poisoned.
The water moccasin poisons you!
You closely miss the water moccasin.
The water moccasin is severely wounded.
You feel very sick. The water moccasin bites you!
* * * LOW HITPOINT WARNING * * *
You are more poisoned.
The water moccasin poisons you!
Your skin crawls.
You feel strong-willed.
* * * LOW HITPOINT WARNING * * *
You feel extremely sick. The water moccasin bites you.
* * * LOW HITPOINT WARNING * * *
Unknown command.
You hit the water moccasin.
Your headbutt misses the water moccasin.
The water moccasin is almost dead.
You die...

##### ##⌠⌠⌠##
#.@)..#
##.S...##
##∩...(.∩##
#∩.......∩#
#_........#
#_......._#
#_......)_#
###.........###
#⌠...........⌠#


You could see a water moccasin.

Vanquished Creatures
  2 water moccasins (D)
  2 kobold brigands (D)
  A jelly (D)
  Jessica (D)
  Terence (D)
  A goblin (D)
  2 kobolds (D)
10 creatures vanquished.

Notes
Turn   | Place    | Note
-------+----------+-------------------------------------------
     0 | D        | cbfl8 the Minotaur Berserker began the quest for the Orb.
     0 | D        | Reached XP level 1. HP: 19/19 MP: 0/0
     1 | D        | Found a shimmering blue altar of Sif Muna.
     1 | D        | Found a corrupted altar of Lugonu.
     2 | D        | Found an iron altar of Okawaru.
     2 | D        | Found a hide-covered altar of Uskayaw.
     3 | D        | Found a snail-covered altar of Cheibriados.
     3 | D        | Found a bloodstained altar of Trog.
     4 | D        | Found an opulent altar of Gozag.
     4 | D        | Found a sacrificial altar of Ru.
     4 | D        | Found Novuklobul's Weapon Rack.
     4 | D        | Found Cuehom's Premium Goods.
     5 | D        | Found Pivuytaa's Basic Armour.
     5 | D        | Found Pihaecil's Miscellaneous Merchandise.
     5 | D        | Round 1.
    12 | D        | Found a stormy altar of Qazlal.
    12 | D        | Found a blossoming altar of Fedhas.
    13 | D        | Found a shimmering altar of Xom.
    13 | D        | Found a radiant altar of Vehumet.
    14 | D        | Found an ancient bone altar of Kikubaaqudgha.
    15 | D        | Found a shadowy altar of Dithmenos.
    15 | D        | Found a basalt altar of Yredelemnul.
    15 | D        | Found Yxamp's Magic Scroll Shop.
    15 | D        | Found Vitoegil's Staff Store.
    16 | D        | Found Xusoesm's Magic Scroll Shop.
    16 | D        | Found Xatouvaj's Must-Have Magic.
    26 | D        | Found an ornate altar of the Wu Jian Council.
    28 | D        | Found a glowing golden altar of the Shining One.
    30 | D        | Found Ratamp's Distillery.
    32 | D        | Found Getud's Do-It-Yourself Clinic.
    33 | D        | Found Hice's Distillery.
    33 | D        | Found Benganio's Bottled Wisdom.
    43 | D        | Noticed a jelly
    43 | D        | Noticed Jessica
    51 | D        | Killed a jelly
    52 | D        | Reached skill level 5 in Fighting
    52 | D        | Reached skill level 5 in Axes
    52 | D        | Reached XP level 2. HP: 8/30 MP: 1/1
    52 | D        | Reached XP level 3. HP: 9/37 MP: 2/2
    59 | D        | Noticed Terence
    64 | D        | Killed Jessica
    72 | D        | Killed Terence
    72 | D        | Reached ** piety under Trog
    73 | D        | Reached XP level 4. HP: 19/47 MP: 3/3
    79 | D        | Noticed a water moccasin
    90 | D        | Killed a water moccasin
    91 | D        | Reached XP level 5. HP: 31/57 MP: 4/4
   158 | D        | Arena points: 5 (+5) [x1]
   173 | D        | Round 2.
   288 | D        | Reached *** piety under Trog
   289 | D        | Reached skill level 5 in Armour
   289 | D        | Reached skill level 5 in Dodging
   303 | D        | Arena points: 29 (+24) [x2]
   304 | D        | Reached skill level 10 in Fighting
   304 | D        | Reached skill level 10 in Axes
   304 | D        | Reached XP level 6. HP: 40/67 MP: 5/5
   364 | D        | Round 3.
   389 | D        | Noticed a water moccasin
   404 | D        | Killed a water moccasin
   421 | D        | Noticed a water moccasin
   435 | D        | HP: 1/68 [water moccasin (6)]
   436 | D        | Succumbed to a water moccasin's poison

Illustrated notes

Levels and vault maps discovered:
D:        arena_sprint

Skill      XL: |  1  2  3  4  5  6 |
---------------+-------------------+-----
Fighting       | 5 7 9 10 11 | 11.1
Axes           | 5 7 9 10 11 | 11.1
Armour         | 3 4 5 6 |  6.4
Dodging        | 3 4 5 6 |  6.2
Stealth        | |  0.1

Action                   |  1- 3 |  4- 6 || total
-------------------------+-------+-------++-------
Melee: Hand axe          |    13 |    42 ||    55
       Headbutt          |     2 |     8 ||    10
Invok: Berserk           |     1 |     1 ||     2
       Trog's Hand       |       |     1 ||     1
  Use: Potion            |     3 |     1 ||     4
Armor: Animal skin       |     2 |     1 ||     3
       Chain mail        |       |    15 ||    15
Dodge: Dodged            |     7 |    18 ||    25
